 Dungeon Crawl Stone Soup version 0.28-a0-1182-g381e24db82 (webtiles) character file.

Game seed: 2226811635060478755

438 mainiacjoe the Sneak (level 7, -5/48 HPs)
             Began as an Octopode Fighter on Dec 16, 2021.
             Slain by an ice beast (9 damage)
             ... on level 4 of the Dungeon.
             The game lasted 00:08:15 (4105 turns).

mainiacjoe the Sneak (Octopode Fighter)             Turns: 4105, Time: 00:08:16

Health: -5/48      AC:  1    Str: 21    XL:     7   Next: 1%
Magic:  7/7        EV: 14    Int: 11    God:
Gold:   209        SH:  5    Dex: 13    Spells: 4/6 levels left

rFire   . . .      SeeInvis .   a - +0 rapier
rCold   . . .      Faith    .   p - +0 buckler
rNeg    . . .      Spirit   .   (helmet restricted)
rPois   .          Reflect  .   (no amulet)
rElec   .          Harm     .   v - +6 ring of strength
rCorr   .          Rampage  .   (no ring)
Will    .....                   (no ring)
Stlth   ++++......              (no ring)
HPRegen 0.16/turn               (no ring)
MPRegen 0.10/turn               (no ring)
                                (no ring)
                                (no ring)

@: no status effects
A: almost no armour, amphibious, 8 rings, camouflage 1, gelatinous body 1,
(nimble swimmer 1), tentacles
a: no special abilities


You were on level 4 of the Dungeon.
You visited 1 branch of the dungeon, and saw 4 of its levels.

You collected 209 gold pieces.

Inventory:

Hand Weapons
 a - a +0 rapier (weapon)
 b - a +0 hunting sling
 j - a +0 dagger of pain
Missiles
 g - 36 arrows
 k - 31 stones
 m - 30 bolts
 o - 26 sling bullets
 u - 8 poisoned darts
Armour
 p - a +0 buckler (worn)
Jewellery
 v - a +6 ring of strength (left tentacle)
Wands
 q - a wand of flame (7)
Scrolls
 e - a scroll of immolation
 i - a scroll of fog
 l - 5 scrolls of teleportation
 n - a scroll of magic mapping {unknown}
 r - a scroll of fear {unknown}
 s - a scroll of noise {unknown}
Potions
 c - a potion of might
 d - a potion of curing
 f - a potion of mutation
 h - a potion of ambrosia {unknown}
 t - a potion of haste {unknown}


   Skills:
 + Level 4.0 Fighting
 * Level 4.1 Short Blades
 + Level 4.0 Dodging
 - Level 5.0 Stealth
 - Level 4.0 Shields


You had 4 spell levels left.
You knew the following spells:

 Your Spells              Type           Power      Damage    Failure   Level
a - Passwall              Tmut/Erth      0%         N/A       47%         2

Your spell library contained the following spells:

 Spells                   Type           Power      Damage    Failure   Level
 Sandblast                Erth           0%         2d4       34%         1
 Sublimation of Blood     Necr           0%         N/A       47%         2
 Wereblood                Tmut           0%         N/A       47%         2
 Conjure Flame            Conj/Fire      0%         6-21      71%         3
 Ignite Poison            Fire/Tmut/Pois 0%         N/A       71%         3
 Mephitic Cloud           Conj/Pois/Air  0%         N/A       71%         3
 Stone Arrow              Conj/Erth      0%         3d7       71%         3
 Summon Guardian Golem    Hex/Summ       0%         N/A       71%         3
 Petrify                  Tmut/Erth      0%         N/A       98%         4
 Sticky Flame             Conj/Fire      0%         2d3       98%         4
 Irradiate                Conj/Tmut      0%         3d13      100%        5
 Summon Hydra             Summ           0%         N/A       100%        7
 Discord                  Hex            0%         N/A       100%        8


Dungeon Overview and Level Annotations

Branches:
Dungeon (4/15)
 Temple: D:4-7

Altars:

Shops:
D:2 :


Innate Abilities, Weirdness & Mutations

You cannot wear most types of armour.
You are amphibious.
You can wear up to eight rings at the same time.
Your skin changes colour to match your surroundings (Stealth+).
Your rubbery body absorbs attacks. (AC +1, EV +1)
((You are camouflaged near water. (Stealth+)))
You have tentacles for arms and can constrict up to eight enemies at once.


Message History

You hit the ice beast.
The ice beast is moderately wounded.
The ice beast hits you. The ice beast freezes you!
You barely miss the ice beast.
The ice beast is moderately wounded.
The ice beast hits you. The ice beast freezes you!
You are too injured to fight recklessly!
You are too injured to fight recklessly!
You are too injured to fight recklessly!
Aiming: Throw Flame
Press: ? - help, Shift-Dir - straight line, f/p - ice beast
Aim: an ice beast (moderately wounded, 68% to hit)
The puff of flame hits the ice beast!
The ice beast melts!
The ice beast is severely wounded.
You block the ice beast's attack.
Aiming: Throw Flame
Press: ? - help, Shift-Dir - straight line, f/p - ice beast
Aim: an ice beast (severely wounded, 68% to hit)
The puff of flame misses the ice beast.
The ice beast closely misses you.
Aiming: Throw Flame
Press: ? - help, Shift-Dir - straight line, f/p - ice beast
Aim: an ice beast (severely wounded, 68% to hit)
The puff of flame hits the ice beast.
The ice beast melts!
The ice beast is almost dead.
The ice beast hits you. The ice beast freezes you!
* * * LOW HITPOINT WARNING * * *
Aiming: Throw Flame
Press: ? - help, Shift-Dir - straight line, f/p - ice beast
Aim: an ice beast (almost dead, 68% to hit)
The puff of flame misses the ice beast.
The ice beast hits you but does no damage.
Aiming: Throw Flame
Press: ? - help, Shift-Dir - straight line, f/p - ice beast
Aim: an ice beast (almost dead, 68% to hit)
The puff of flame hits the ice beast.
The ice beast melts!
The ice beast is almost dead.
The ice beast hits you.
* * * LOW HITPOINT WARNING * * *
The ice beast freezes you!
You die...

..........# ..........##
...........# ...........## #.
............# ###...
............## ###...$..#
.............###.....#.<.#
......................#...#
.............#..@....(.....#
............###..Y..........#
............# ##........
#...## ...........##
###.(.... #...## ...........#
#.(......##..## ...........#
#..... ##..# .........).#
###. ##.. ...........# ###
##. ...........# #.###### ##


You could see an ice beast.

Vanquished Creatures
  2 ogres (D:4)
  An orc priest (D:4)
  An iguana (D:4)
  An orc wizard (D:4)
  A hound skeleton (D:4)
  Robin (D:2)
  4 adders
  A gnoll (D:1)
  3 worms
  2 dart slugs (D:2)
  6 orcs (D:4)
  7 ball pythons
  3 endoplasms
  3 giant cockroaches (D:1)
  23 goblins
  15 hobgoblins
  2 jackals (D:4)
  5 kobolds
  2 quokkas
  5 bats
  4 frilled lizards
  A quokka skeleton (D:2)
  2 rats
95 creatures vanquished.

Vanquished Creatures (others)
  A fungus (D:2)
1 creature vanquished.

Grand Total: 96 creatures vanquished

Notes
Turn   | Place    | Note
-------+----------+-------------------------------------------
     0 | D:1      | mainiacjoe the Octopode Fighter began the quest for the
                  | Orb.
     0 | D:1      | Reached XP level 1. HP: 16/16 MP: 1/1
   147 | D:1      | Reached skill level 1 in Stealth
   183 | D:1      | Reached XP level 2. HP: 21/21 MP: 2/2
   462 | D:1      | Reached XP level 3. HP: 26/26 MP: 3/3
   515 | D:1      | Reached skill level 2 in Stealth
  1056 | D:2      | Found a faded altar of an unknown god.
  1105 | D:2      | Noticed Robin
  1134 | D:2      | Killed Robin
  1135 | D:2      | Reached XP level 4. HP: 24/31 MP: 4/4
  1367 | D:2      | Reached skill level 3 in Stealth
  1450 | D:2      | Learned a level 2 spell: Passwall
  1879 | D:2      | Found Zippusyk's Book Shoppe.
  2201 | D:3      | Reached XP level 5. HP: 26/36 MP: 5/5
  3113 | D:4      | Noticed an ogre
  3120 | D:4      | Killed an ogre
  3121 | D:4      | Reached skill level 4 in Stealth
  3121 | D:4      | Reached XP level 6. HP: 30/43 MP: 6/6
  3297 | D:4      | Noticed an ice beast
  3399 | D:4      | Reached skill level 5 in Stealth
  3806 | D:4      | Got Icuss's Papyrus of Captivating Poisoning
  3934 | D:4      | Reached XP level 7. HP: 48/48 MP: 7/7
  4105 | D:4      | Slain by an ice beast

Illustrated notes

Levels and vault maps discovered:
D:1:      dpeg_arrival_arbitrary_c, layout_basic, chequers_mini_garden,
          minmay_misc_feat_pillars, minmay_tromino_v7
D:2:      layout_loops_ring, serial_shops, shop_statue,
          shapermc_ecumenical_altar_acropolis, kennysheep_generic_room_15,
          uniq_robin
D:3:      cheibrodos_greedy_goblins, layout_rooms
D:4:      layout_cave_pods

Skill      XL: |  1  2  3  4  5  6 |
---------------+-------------------+-----
Stealth        | 1 2 3 4 5 |  5.0
Short Blades   | 3 4 |  4.1
Shields        | 4 |  4.0
Fighting       | 4 |  4.0
Dodging        | 4 |  4.0

Action                   |  1- 3 |  4- 6 |  7- 9 || total
-------------------------+-------+-------+-------++-------
Melee: Rapier            |    51 |   106 |     2 ||   159
       Constrict         |    15 |    27 |       ||    42
       Tentacles         |     7 |    21 |       ||    28
 Fire: Hunting sling     |       |    73 |     3 ||    76
Throw: Stone             |    32 |    50 |       ||    82
 Cast: Passwall          |       |     1 |       ||     1
Evoke: Wand              |       |       |     7 ||     7
  Use: Scroll            |       |     5 |       ||     5
 Stab: Sleeping          |     3 |     1 |       ||     4
Armor: Skin              |     4 |     2 |     1 ||     7
Dodge: Dodged            |    30 |    41 |     1 ||    72
Block: Buckler           |     5 |    24 |     1 ||    30

Table legend: (Time is in decaauts)
 A = Elapsed time spent in this place.
 B = Non-inter-level travel time spent in this place.
 C = Inter-level travel time spent in this place.
 D = Time resting spent in this place.
 E = Time spent auto-exploring this place.
 F = Levels seen in this place.
 G = Mean time per level.
                   A        B        C        D        E       F      G
               +--------+--------+--------+--------+--------+-----+--------+
         Total |   4128 |   4012 |    116 |    527 |   2747 |   4 | 1032.0 |
       Dungeon |   4128 |   4012 |    116 |    527 |   2747 |   4 | 1032.0 |
               +--------+--------+--------+--------+--------+-----+--------+

Top non-repeatable levels by time:
     D:4: 1288 daAuts
     D:2: 1188 daAuts
     D:1: 906 daAuts
     D:3: 745 daAuts
